Map: Emerald City LE

Players

Quisten - Winner!

  • Race: Terran Terran
  • Spawn Location: 11:00

JarLeif - Winner!

  • Race: Zerg Zerg
  • League: Diamond
  • Spawn Location: 11:00

Massa

  • Race: Terran Terran
  • League: Gold
  • Spawn Location: 5:00

qqq

  • Race: Zerg Zerg
  • League: Platinum
  • Spawn Location: 5:00

VOD

Have the link to the VOD?

Description

Time

  • Played on: May 15, 2020, 5:01 p.m.
  • Length: 7:50
Show
View Real Time Build Order
Export as new Build Order

Quisten Terran - Winner!

Build Orders:  

Get SALT Encoding   

  12  0:00  SCV  
  13  0:13  SCV  
  14  0:17  Supply Depot  
  14  0:25  SCV  
  15  0:33  Refinery  
  15  0:38  SCV  
  16  0:46  Barracks  
  16  0:51  SCV  
  17  1:03  Barracks  
  17  1:07  SCV  
  18  1:17  Refinery  
  18  1:20  SCV  
  19  1:34  Orbital Command  
  19  1:37  Barracks Reactor  
  19  1:48  Supply Depot  
  19  1:54  Barracks Tech Lab  
  19  2:02  SCV  
  19  2:08  Factory  
  20  2:15  SCV  
  21  2:16  Marine  
  21  2:18  Marine  
  23  2:25  Marauder  
  25  2:31  Stimpack  
  25  2:37  Supply Depot  
  25  2:40  Marine  
  25  2:43  Marine  
  27  2:53  Factory Tech Lab  
  27  2:56  Marauder  
  29  3:01  Engineering Bay  
  29  3:04  Marine  
  30  3:08  Marine  
  34  3:20  Siege Tank  
  34  3:29  Marauder  
  34  3:31  Marine  
  37  3:41  Terran Infantry Weapons Level 1  
  30  4:02  Marauder, Marine x2  
  30  4:07  Siege Tank  
  33  4:20  Marine x2  
  33  4:23  Marauder  
  37  4:34  Supply Depot  
  37  4:37  Marine  
  38  4:46  Marine  
  38  4:52  Combat Shield  
  39  4:56  Marauder  
  39  4:57  Marine  
  36  5:17  Marauder  
  36  5:20  Marine x2  
  36  5:39  Marauder  
  38  5:45  Siege Tank  
  38  5:46  Marine x2  
  40  6:00  Marauder  
  42  6:04  Marine x2  
  44  6:18  Siege Tank  
  47  6:40  Supply Depot  
  47  7:01  Marine x2, Siege Tank  
  47  7:02  Marauder  
  54  7:29  Supply Depot  
  54  7:30  Command Center  
Show
View Real Time Build Order
Export as new Build Order

JarLeif Zerg - Winner!

Build Orders: Hatch First 

Get SALT Encoding   

  12  0:01  Drone  
  13  0:12  Overlord  
  13  0:17  Drone  
  14  0:30  Drone x2  
  16  0:37  Drone  
  17  0:57  Hatchery, Extractor  
  15  1:11  Spawning Pool  
  14  1:14  Drone  
  14  1:18  Drone  
  16  1:22  Drone  
  17  1:28  Drone  
  18  1:37  Drone  
  19  1:50  Overlord  
  19  1:58  Queen  
  21  2:13  Queen  
  21  2:14  Drone x2  
  25  2:16  Zergling x2  
  25  2:21  Drone x2  
  28  2:29  Roach Warren  
  27  2:33  Extractor  
  26  2:40  Overlord  
  26  2:44  Drone  
  26  2:45  Drone  
  28  2:52  Overlord  
  28  2:57  Lair  
  28  3:00  Drone  
  29  3:06  Drone  
  29  3:07  Drone  
  29  3:09  Drone  
  32  3:17  Drone x2  
  32  3:19  Drone  
  35  3:27  Spine Crawler  
  35  3:29  Roach  
  36  3:38  Spine Crawler, Roach  
  37  3:42  Roach  
  38  3:51  Roach x2  
  43  4:10  Ravager  
  43  4:13  Overlord  
  43  4:14  Overlord x2  
  43  4:29  Ravager  
  43  4:30  Roach x2  
  43  4:31  Roach  
  44  4:33  Ravager  
  44  4:39  Ravager  
  45  4:48  Drone x2  
  45  4:49  Roach x2  
  51  4:56  Drone x2  
  53  5:17  Roach  
  53  5:18  Roach x4  
  53  5:21  Drone  
  64  5:35  Roach x2  
  68  5:37  Overlord  
  65  6:01  Roach x4  
  65  6:02  Roach  
  65  6:03  Overlord x2  
  75  6:17  Roach x2  
  75  6:18  Overlord  
  76  6:22  Ravager  
  77  6:28  Glial Reconstitution  
  77  6:30  Drone  
  77  6:31  Drone x3  
  81  6:33  Extractor  
  80  6:41  Ravager  
  80  6:45  Overlord  
  81  6:51  Roach x2  
  81  6:52  Roach  
  87  7:00  Roach x2  
  81  7:26  Roach x6  
  81  7:27  Roach  
Show
View Real Time Build Order
Export as new Build Order

Massa Terran 

Build Orders:  

Get SALT Encoding   

  12  0:12  Supply Depot  
  12  0:14  SCV  
  13  0:26  SCV  
  14  0:34  Barracks  
  14  0:38  SCV  
  15  0:51  Barracks  
  15  0:52  SCV  
  16  1:04  SCV  
  16  1:09  Supply Depot  
  17  1:16  SCV  
  18  1:26  Barracks  
  18  1:29  SCV  
  19  1:35  Marine  
  20  1:40  Barracks  
  20  1:50  Refinery, Marine  
  20  1:52  Marine  
  22  2:04  Supply Depot  
  22  2:07  Marine  
  23  2:10  Marine  
  25  2:17  Orbital Command  
  25  2:18  Marine  
  25  2:25  Marine  
  26  2:30  Marine x2  
  26  2:36  Marine  
  29  2:43  Marine  
  30  2:47  Marine x2  
  32  2:53  Supply Depot  
  32  2:54  Marine  
  33  3:01  Marine, Supply Depot  
  33  3:05  Marine  
  34  3:09  Marine  
  34  3:12  Marine  
  37  3:19  Marine  
  38  3:21  SCV  
  38  3:23  Marine  
  40  3:27  Marine  
  40  3:29  Marine  
  42  3:37  Marine  
  42  3:41  Marine  
  43  3:45  Marine  
  43  3:47  Marine  
  43  4:08  Marine x4  
  42  4:19  Factory  
  40  4:26  Marine x2  
  39  4:33  Marine x2  
  33  4:43  Marine  
  33  4:44  Marine  
  34  4:51  Marine x2  
  36  5:01  Marine x2  
  36  5:04  Command Center  
  33  5:11  Marine x2  
  35  5:14  Factory Tech Lab  
  35  5:19  Marine x2  
  33  5:33  Marine x2  
  33  5:35  Siege Tank  
  31  5:37  Marine x2  
  32  5:51  Marine x2  
  32  5:55  Marine x2  
  27  6:08  Marine  
  27  6:09  Marine  
  29  6:13  Marine x2  
  27  6:25  Barracks  
  27  6:26  Marine x2  
  27  6:28  Factory  
  27  6:30  Marine x2  
  31  6:44  Marine x2  
  33  6:48  Marine x2  
  35  7:02  Marine x2  
  35  7:06  Marine  
  37  7:20  Marine x2  
  35  7:27  Marine  
  25  7:49  Bunker  
Show
View Real Time Build Order
Export as new Build Order

qqq Zerg 

Build Orders: Hatch First 

Get SALT Encoding   

  12  0:04  Drone  
  13  0:11  Drone  
  14  0:35  Hatchery  
  13  0:50  Spawning Pool  
  12  0:59  Overlord  
  12  1:02  Drone  
  13  1:07  Drone  
  13  1:10  Extractor  
  13  1:13  Drone  
  14  1:22  Drone  
  15  1:36  Drone  
  15  1:37  Queen  
  18  1:44  Zergling x2  
  19  1:52  Queen  
  21  1:56  Drone  
  21  2:01  Drone  
  23  2:05  Zergling x2  
  24  2:15  Overlord  
  24  2:21  Drone, Zergling x2  
  26  2:24  Zergling x2  
  27  2:35  Zergling x2  
  27  2:36  Zergling x2  
  29  2:41  Baneling Nest  
  28  2:45  Metabolic Boost  
  28  2:49  Drone  
  29  2:54  Overlord  
  29  2:57  Zergling x2  
  30  3:03  Drone  
  31  3:08  Overlord  
  31  3:10  Zergling x2  
  32  3:14  Zergling x2  
  32  3:17  Zergling x2  
  34  3:21  Drone  
  34  3:22  Zergling x2  
  36  3:27  Baneling x3  
  36  3:29  Baneling  
  36  3:32  Zergling x2  
  37  3:38  Zergling x4  
  36  3:49  Zergling x6  
  36  3:50  Zergling x4  
  38  4:04  Zergling x2  
  38  4:07  Lair  
  38  4:17  Drone x3  
  38  4:18  Drone, Zergling x4  
  36  4:35  Drone x3  
  38  4:40  Extractor  
  37  4:50  Drone x2  
  37  4:51  Drone x2  
  41  5:11  Zergling x4  
  41  5:12  Zergling x4  
  40  5:20  Zergling x6  
  42  5:31  Spire  
  42  5:34  Zergling x2  
  42  5:35  Zergling x4  
  44  5:36  Zergling x2  
  45  5:49  Zergling x2  
  39  5:50  Zergling x8  
  43  6:08  Zergling x2  
  43  6:16  Zergling x2  
  43  6:17  Zergling x4  
  43  6:18  Zergling x2  
  42  6:26  Overlord x3  
  42  6:32  Hatchery  
  41  6:37  Overlord  
  40  6:42  Hatchery  
  40  6:45  Extractor, Drone  
  39  6:51  Mutalisk  
  41  7:02  Drone  
  42  7:15  Mutalisk  
  37  7:26  Zergling x2  
  34  7:32  Drone x3  
Tags
 
Add a new tag
Caveats
  • Supply blocks, unpowered buildings, or Contaminate may cause inaccurate times.
  • Supply counts are checked every 10 seconds.